 Dungeon Crawl Stone Soup version 0.27.1 (webtiles) character file.

Game seed: 1640730408376011930

134 Atelerd the Sneak (level 5, -1/31 HPs)
             Began as an Octopode Earth Elementalist on Sept 2, 2021.
             Killed from afar by an orc wizard (7 damage)
             ... with a magic dart
             ... on level 3 of the Dungeon.
             The game lasted 00:03:04 (3141 turns).

Atelerd the Sneak (Octopode Earth Elementalist)     Turns: 3141, Time: 00:03:05

Health: -1/31      AC:  1    Str:  7    XL:     5   Next: 17%
Magic:  4/9        EV: 13    Int: 19    God:
Gold:   25         SH:  0    Dex: 12    Spells: 8/9 levels left

rFire    . . .     SeeInvis .   d - +0 dagger
rCold    . . .     Faith    .   (no shield)
rNeg     . . .     Spirit   .   (helmet restricted)
rPois    .         Reflect  .   (no amulet)
rElec    .         Harm     .   (no ring)
rCorr    .         Rampage  .   (no ring)
Will     .....                  (no ring)
Stlth    ++++......             (no ring)
HPRegen  0.10/turn              (no ring)
MPRegen  0.11/turn              (no ring)
                                (no ring)
                                (no ring)

@: no status effects
A: almost no armour, amphibious, 8 rings, camouflage 1, gelatinous body 1,
(nimble swimmer 1), tentacles
a: no special abilities


You were on level 3 of the Dungeon.
You visited 1 branch of the dungeon, and saw 3 of its levels.

You collected 25 gold pieces.

Inventory:

Hand Weapons
 d - a +0 dagger (weapon)
Missiles
 b - 90 stones
Scrolls
 a - 2 scrolls of fog {unknown}
 c - 3 scrolls of enchant armour {unknown}
 e - a scroll of fear {unknown}
 g - a scroll of teleportation {unknown}
 j - a scroll of noise {unknown}
 k - a scroll of summoning {unknown}
Potions
 f - 2 potions of haste {unknown}
 h - a potion of curing
 i - a potion of magic {unknown}


   Skills:
 - Level 2.0 Dodging
 * Level 5.1 Stealth
 + Level 2.7 Spellcasting
 + Level 2.2 Transmutations
 + Level 3.6 Earth Magic


You had 8 spell levels left.
You knew the following spells:

 Your Spells              Type           Power      Damage    Failure   Level
a - Sandblast             Erth           32%        2d9       3%          1

Your spell library contained the following spells:

 Spells                   Type           Power      Damage    Failure   Level
 Passwall                 Tmut/Erth      10%        N/A       7%          2
 Stone Arrow              Conj/Erth      18%        3d8       22%         3
 Petrify                  Tmut/Erth      13%        N/A       43%         4


Dungeon Overview and Level Annotations

Branches:
Dungeon (3/15)

Altars:
The Shining One


Innate Abilities, Weirdness & Mutations

You cannot wear most types of armour.
You are amphibious.
You can wear up to eight rings at the same time.
Your skin changes colour to match your surroundings (Stealth+).
Your rubbery body absorbs attacks. (AC +1, EV +1)
((You are camouflaged near water. (Stealth+)))
You have tentacles for arms and can constrict up to eight enemies at once.


Message History

You hit the orc wizard. Your grab misses the orc wizard.
The orc wizard is heavily wounded.
The orc wizard hits you with a +0 dagger.
The blast of sand hits the orc.
You kill the orc!
The rat bites you.
There are monsters nearby!
Unknown command.
Casting: Sandblast (safe; 3% risk of failure)
Confirm with . or Enter, or press ? or * to list all spells.
Aiming: Sandblast (safe; 3% risk of failure)
Press: ? - help, Shift-Dir - straight line, f - orc wizard
Aim: an orc wizard, wielding a +0 dagger and wearing a +0 robe (heavily wounded, 74% to hit)
The blast of sand hits the orc wizard.
The orc wizard is almost dead.
The orc wizard casts a spell at you. You resist with some effort.
The rat bites you.
Casting: Sandblast (safe; 3% risk of failure)
Confirm with . or Enter, or press ? or * to list all spells.
Aiming: Sandblast (safe; 3% risk of failure)
Press: ? - help, Shift-Dir - straight line, f/p - orc wizard
Aim: an orc wizard, wielding a +0 dagger and wearing a +0 robe (almost dead, 74% to hit)
The blast of sand misses the orc wizard.
The orc wizard gestures at you while chanting.
The puff of flame hits you!
* * * LOW HITPOINT WARNING * * *
The rat bites you but does no damage.
The orc wizard hits you with a +0 dagger.
* * * LOW HITPOINT WARNING * * *
Unknown command.
Unknown command.
It was a potion of curing.
You feel better.
The orc wizard hits you with a +0 dagger.
* * * LOW HITPOINT WARNING * * *
The rat bites you.
* * * LOW HITPOINT WARNING * * *
The orc barely misses you.
The orc wizard gestures at you while chanting.
The magic dart hits you!
You die...

#..###.## #.#
##... # #...##
#.# #.##
###.##.## #|#
#.# #.......#
#.# #.#
....$.#..# #.#
#.# ......#..#
#.# #.# ####.
#..# #.# #.#
#.##..#####.#
#.#
#..r@o......#
#...oo......#
.........#####.#
.###.##... #.
..... # #.#..#
...... #.#..##


You could see 2 orc wizards, an orc and a rat.

Vanquished Creatures
  A scorpion (D:2)
  An adder (D:2)
  2 dart slugs
  An orc (D:3)
  3 ball pythons
  5 bats
  An endoplasm (D:1)
  A giant cockroach (D:3)
  11 goblins
  3 hobgoblins
  9 jackals (D:1)
  8 kobolds
  2 quokkas
  4 frilled lizards
  6 rats
58 creatures vanquished.

Vanquished Creatures (others)
  A jackal (D:1)
1 creature vanquished.

Grand Total: 59 creatures vanquished

Notes
Turn   | Place    | Note
-------+----------+-------------------------------------------
     0 | D:1      | Atelerd the Octopode Earth Elementalist began the quest for
                  | the Orb.
     0 | D:1      | Reached XP level 1. HP: 11/11 MP: 3/3
   248 | D:1      | Reached skill level 3 in Stealth
   263 | D:1      | Reached XP level 2. HP: 2/17 MP: 0/5
  1210 | D:1      | Reached XP level 3. HP: 18/21 MP: 3/6
  1803 | D:2      | Reached skill level 4 in Stealth
  1877 | D:2      | Found a faded altar of an unknown god.
  2247 | D:2      | Noticed a scorpion
  2260 | D:2      | Killed a scorpion
  2261 | D:2      | Reached XP level 4. HP: 9/27 MP: 1/7
  2489 | D:2      | Reached skill level 5 in Stealth
  2489 | D:2      | Reached XP level 5. HP: 31/31 MP: 5/9
  3002 | D:3      | Found a glowing golden altar of the Shining One.
  3141 | D:3      | Killed from afar by an orc wizard

Illustrated notes

Levels and vault maps discovered:
D:1:      evilmike_arrival_plus, layout_loops_ring, minmay_misc_feat_roman,
          lemuel_old_faithful
D:2:      layout_loops_ring, shapermc_ecumenical_altar_pompeii,
          palyth_stone_intersect
D:3:      layout_loops_ring, tso_oasis_becter, mainiacjoe_overflow_boulevard,
          minmay_between

Skill      XL: |  1  2  3  4 |
---------------+-------------+-----
Stealth        | 3 4 5 |  5.1
Transmutations | 2 |  2.2
Dodging        | |  2.0
Spellcasting   | |  2.7
Earth Magic    | |  3.6

Action                   |  1- 3 |  4- 6 || total
-------------------------+-------+-------++-------
Melee: Unarmed           |    27 |       ||    27
       Constrict         |    19 |     5 ||    24
       Tentacles         |    11 |     2 ||    13
       Dagger            |    43 |    16 ||    59
 Cast: Sandblast         |    29 |    14 ||    43
  Use: Potion            |       |     1 ||     1
 Stab: Sleeping          |     5 |     1 ||     6
Armor: Skin              |     5 |     2 ||     7
Dodge: Dodged            |    57 |    15 ||    72
